 Dungeon Crawl Stone Soup version 0.28.0-45-g0d030f2227 (webtiles) character file.

Game seed: 2879045930254964850

9863 protoss039 the Eclecticist (level 11, -1/62 HPs)
             Began as a Deep Elf Fire Elementalist on Apr 5, 2022.
             Was an Initiate of Sif Muna.
             Slain by a death knight
             ... wielding a +0 battleaxe
              (33 damage)
             ... on level 10 of the Dungeon.
             The game lasted 00:17:03 (13713 turns).

protoss039 the Eclecticist (DEFE)                  Turns: 13713, Time: 00:17:05

Health: -1/62      AC: 15    Str:  5    XL:     11   Next: 28%
Magic:  12/33      EV: 13    Int: 25    God:    Sif Muna [......]
Gold:   479        SH:  5    Dex: 15    Spells: 27/43 levels left

rFire   + + .      SeeInvis .   o - staff of fire
rCold   x . .      Faith    .   (no shield)
rNeg    . . .      Spirit   .   j - +0 steam dragon scales
rPois   .          Reflect  +   l - +0 helmet
rElec   .          Harm     .   r - +0 cloak
rCorr   .          Rampage  .   y - +2 pair of gloves
Will    +....                   u - +0 pair of boots
Stlth   ++........              C - amulet of reflection
HPRegen 0.20/turn               i - ring of fire
MPRegen 0.23/turn               a - +4 ring of protection

@: no status effects
A: no striking features
a: Renounce Religion


You were on level 10 of the Dungeon.
You worshipped Sif Muna.
Sif Muna was noncommittal.
You visited 2 branches of the dungeon, and saw 11 of its levels.

You collected 479 gold pieces.

Inventory:

Hand Weapons
 c - a +1 short sword of freezing
Armour
 j - +0 steam dragon scales (worn)
 l - a +0 helmet (worn)
 r - a +0 cloak (worn)
 u - a +0 pair of boots (worn)
 y - a +2 pair of gloves (worn)
Magical Staves
 o - a staff of fire (weapon)
Jewellery
 a - a +4 ring of protection (right hand)
 i - a ring of fire (left hand)
 m - a ring of protection from fire
 C - an amulet of reflection (around neck)
Wands
 q - a wand of iceblast (6)
 w - a wand of flame (49)
 D - a wand of mindburst (8)
Scrolls
 d - a scroll of identify
 f - 2 scrolls of fear
 k - 2 scrolls of enchant weapon
 n - 3 scrolls of teleportation
 v - a scroll of blinking {unknown}
 z - 3 scrolls of magic mapping {unknown}
Potions
 b - a potion of resistance
 e - 2 potions of heal wounds
 g - a potion of attraction
 h - 2 potions of haste
 p - a potion of ambrosia {unknown}
 s - a potion of invisibility {unknown}
 t - 2 potions of curing {unknown}
 x - a potion of lignification {unknown}
 A - 3 potions of flight
 B - 2 potions of mutation


   Skills:
 * Level 4.6 Fighting
 - Level 3.0 Dodging
 - Level 3.0 Stealth
 - Level 0.2 Shields
 + Level 16.5 Spellcasting
 + Level 7.1 Conjurations
 - Level 3.0 Hexes
 - Level 3.0 Necromancy
 - Level 9.0 Fire Magic
 * Level 1.1 Invocations


You had 27 spell levels left.
You knew the following spells:

 Your Spells              Type           Power      Damage    Failure   Level
a - Foxfire               Conj/Fire      100%       2x1d9     1%          1
b - Scorch                Fire           100%       2d10      1%          2
c - Conjure Flame         Conj/Fire      95%        6-21      1%          3
d - Inner Flame           Hex/Fire       85%        N/A       1%          3
e - Flame Wave            Conj/Fire      95%        2d16      1%          4
f - Vampiric Draining     Necr           35%        2d8       2%          3

Your spell library contained the following spells:

 Spells                   Type           Power      Damage    Failure   Level
 Animate Skeleton         Necr           70%        N/A       1%          1
 Pain                     Necr           100%       1d9       1%          1
 Sublimation of Blood     Necr           35%        N/A       1%          2
 Wereblood                Tmut           20%        N/A       3%          2
 Summon Forest            Summ/Tloc      10%        N/A       56%         5
 Eringya's Noxious Bog    Tmut/Pois      10%        N/A       98%         6
 Summon Hydra             Summ           10%        N/A       100%        7


Dungeon Overview and Level Annotations

Branches:
Dungeon (10/15)            Temple (1/1) D:7
   Lair: D:8-11         Orc: D:9-12

Altars:
Ashenzari
Cheibriados
Dithmenos
Elyvilon
Fedhas
Gozag
Kikubaaqudgha
Makhleb
Nemelex Xobeh
Okawaru
Qazlal
Ru
Sif Muna
Trog
Uskayaw
Vehumet
Wu Jian
Xom
Yredelemnul
Zin
The Shining One

Shops:
D:1 (   D:8 (   D:9 *

Annotations:
D:8 3 runed translucent doors, Zappman123's ghost, novice DgGl


Message History

The death knight reflects your damage back at you!
Unknown command.
Unknown command.
Casting: Foxfire (safe; 1% risk of failure)
Confirm with . or Enter, or press ? or * to list all spells.
You feel a strong surge of power!
Flames lash the death knight.
Flame seeps out of the death knight.
The death knight is heavily wounded.
The death knight's fire resistance burns away.
The death knight reflects your damage back at you!
The foxfire hits the death knight but does no damage.
The death knight is heavily wounded.
The death knight is engulfed in blazing flames.
Flame seeps out of the death knight.
The foxfire hits the death knight.
Flame seeps out of the death knight.
The death knight is severely wounded.
The death knight reflects your damage back at you!
Unknown command.
The death knight's dark mirror aura disappears.
The foxfire hits the death knight but does no damage.
The death knight is severely wounded.
Unknown command.
Unknown command.
Casting: Scorch (safe; 1% risk of failure)
Confirm with . or Enter, or press ? or * to list all spells.
You feel a strong surge of power!
Flames lash the death knight but do no damage.
Unknown command.
Unknown command.
Unknown command.
Casting: Scorch (safe; 1% risk of failure)
Confirm with . or Enter, or press ? or * to list all spells.
You feel a strong surge of power!
Flames lash the death knight.
The death knight is burned terribly!
Flame seeps out of the death knight.
The death knight is severely wounded.
The death knight is engulfed in blazing flames.
Flame seeps out of the death knight.
The death knight hits you with a +0 battleaxe!!
Ouch! That really hurt!
You die...

#.........#..#
#.#....$.......#
#....).§.#.##.#
#####)##<#.##.#
#.§..........###
#.##.#.......|.#
###.##<..##'####.#
#....p..##.⌠.#
#.#.#@.##...##
#.#...##...##
#>#..##...##
#...'+.⌠.++
#....##...##
#.##..##...##
#......##...##
#####...##.⌠.#
#.#..##'####..#


You could see a death knight (inner flame, combustible).

Vanquished Creatures
  A two-headed ogre (D:8)
  A death yak (D:10)
  An ugly thing (D:10)
  A cyclops (D:9)
  Psyche (D:8)
  A kobold demonologist (D:10)
  An unseen horror (D:10)
  2 trolls
  A hornet (D:9)
  5 slime creatures
  7 yaks
  A shadow (D:10)
  A wyvern (D:9)
  2 steam dragons
  Menkaure (D:5)
  2 vampire mosquitoes (D:10)
  A water moccasin (D:5)
  3 orc warriors
  An ice beast (D:7)
  2 black bears
  3 sky beasts
  2 necrophages
  2 ogres
  6 centaurs
  A phantom (D:4)
  The ghost of SHADDY the Chiller, an amateur DEIE (D:3)
  3 bullfrogs
  2 scorpions
  A wyvern skeleton (D:5)
  A howler monkey (D:7)
  5 centaur zombies
  2 hounds
  3 orc priests
  A centaur skeleton (D:6)
  A gnoll shaman (D:7)
  A bullfrog skeleton (D:3)
  4 iguanas
  3 orc wizards
  A hound zombie (D:5)
  A scorpion simulacrum (D:3)
  A hound skeleton (D:4)
  A howler monkey zombie (D:7)
  11 gnolls
  10 adders
  A howler monkey skeleton (D:7)
  A river rat (D:10)
  2 shadow imps
  3 white imps
  2 ufetubi (D:4)
  An adder zombie (D:5)
  An adder skeleton (D:4)
  3 worms
  3 adder simulacra (D:3)
  12 orcs
  5 endoplasms
  2 giant cockroaches
  7 goblins
  9 hobgoblins
  3 jackals (D:1)
  8 quokkas
  6 ball pythons
  A ball python simulacrum (D:3)
  7 bats
  5 frilled lizards
  A giant cockroach simulacrum (D:3)
  7 kobolds
  10 rats
203 creatures vanquished.

Vanquished Creatures (collateral kills)
  2 foxfires
2 creatures vanquished.

Vanquished Creatures (others)
  626 foxfires
  6 fungi
  7 plants (D:1)
639 creatures vanquished.

Grand Total: 844 creatures vanquished

Notes
Turn   | Place    | Note
-------+----------+-------------------------------------------
     0 | D:1      | protoss039 the Deep Elf Fire Elementalist began the quest
                  | for the Orb.
     0 | D:1      | Reached XP level 1. HP: 10/10 MP: 6/6
   565 | D:1      | Reached XP level 2. HP: 14/15 MP: 8/8
   592 | D:1      | Learned a level 2 spell: Scorch
   954 | D:1      | Found a faded altar of an unknown god.
  1083 | D:1      | Found Ysaufue's Weapon Shoppe.
  1543 | D:1      | Reached XP level 3. HP: 17/19 MP: 9/9
  1812 | D:1      | Learned a level 3 spell: Conjure Flame
  2583 | D:2      | Reached XP level 4. HP: 10/24 MP: 8/11
  3488 | D:2      | Learned a level 3 spell: Inner Flame
  3499 | D:3      | Reached skill level 4 in Spellcasting
  3703 | D:3      | Found a glowing golden altar of the Shining One.
  3742 | D:3      | Reached skill level 1 in Hexes
  3832 | D:3      | Found an ancient bone altar of Kikubaaqudgha.
  3833 | D:3      | Found a snail-covered altar of Cheibriados.
  3875 | D:3      | Reached XP level 5. HP: 23/28 MP: 2/13
  4046 | D:3      | Found a runed translucent gate.
  4046 | D:3      | Found a runed translucent gate.
  4046 | D:3      | Found a runed translucent gate.
  4382 | D:3      | Noticed SHADDY's ghost (amateur DEIE)
  5015 | D:3      | Killed SHADDY's ghost
  5016 | D:3      | Reached skill level 5 in Spellcasting
  5016 | D:3      | Reached skill level 5 in Fire Magic
  5182 | D:4      | Learned a level 4 spell: Flame Wave
  5412 | D:4      | Reached XP level 6. HP: 21/32 MP: 8/15
  5886 | D:4      | Noticed a sky beast
  5901 | D:4      | Killed a sky beast
  6075 | D:4      | Reached skill level 6 in Spellcasting
  6546 | D:4      | Reached XP level 7. HP: 34/36 MP: 7/18
  6807 | D:4      | Reached skill level 7 in Spellcasting
  7030 | D:5      | Entered Level 5 of the Dungeon
  7139 | D:5      | Learned a level 3 spell: Vampiric Draining
  7187 | D:5      | Reached skill level 8 in Spellcasting
  7187 | D:5      | Reached skill level 1 in Necromancy
  7187 | D:5      | Reached XP level 8. HP: 41/41 MP: 14/22
  7488 | D:5      | Noticed Menkaure
  7493 | D:5      | Killed Menkaure
  8083 | D:6      | Found a sparkling altar of Nemelex Xobeh.
  8172 | D:6      | Reached skill level 9 in Spellcasting
  9082 | D:7      | Reached skill level 1 in Fighting
  9186 | D:7      | Noticed a slime creature
  9190 | D:7      | Noticed a slime creature
  9190 | D:7      | Noticed a slime creature
  9193 | D:7      | Killed a slime creature
  9194 | D:7      | Reached skill level 10 in Spellcasting
  9194 | D:7      | Reached XP level 9. HP: 47/47 MP: 16/25
  9708 | D:7      | Reached skill level 11 in Spellcasting
  9950 | D:7      | Found a staircase to the Ecumenical Temple.
 10141 | Temple   | Entered the Ecumenical Temple
 10241 | D:7      | Reached skill level 5 in Conjurations
 10415 | D:8      | Reached skill level 12 in Spellcasting
 10416 | D:8      | Noticed Psyche
 10419 | D:8      | Killed Psyche
 10420 | D:8      | Reached XP level 10. HP: 37/56 MP: 10/28
 10966 | D:8      | Reached skill level 13 in Spellcasting
 11296 | D:8      | Found a runed translucent gate.
 11297 | D:8      | Found a runed translucent gate.
 11298 | D:8      | Found a runed translucent gate.
 11299 | D:8      | Noticed Zappman123's ghost (novice DgGl)
 11431 | D:8      | Noticed a two-headed ogre
 11441 | D:8      | Killed a two-headed ogre
 11484 | D:8      | Found Vuathruff's Antique Weapon Shop.
 11815 | D:9      | Noticed a cyclops
 11821 | D:9      | Reached skill level 14 in Spellcasting
 11824 | D:9      | Killed a cyclops
 12304 | D:9      | Found an iron altar of Okawaru.
 12626 | D:9      | Found Zin's Purification Station.
 12629 | D:9      | Found a glowing silver altar of Zin.
 12662 | D:9      | Found a shimmering blue altar of Sif Muna.
 12667 | D:9      | Became a worshipper of Sif Muna the Loreminder
 12730 | D:10     | Entered Level 10 of the Dungeon
 12742 | D:9      | Reached skill level 15 in Spellcasting
 12992 | D:10     | Noticed a death yak
 12999 | D:10     | Noticed a death yak
 13000 | D:10     | Killed a death yak
 13001 | D:10     | Reached XP level 11. HP: 32/61 MP: 17/32
 13003 | D:10     | Noticed a soul eater
 13310 | D:10     | Noticed a green ugly thing
 13314 | D:10     | Reached skill level 16 in Spellcasting
 13317 | D:10     | Killed a green ugly thing
 13327 | D:10     | Noticed a death knight
 13635 | D:10     | Reached skill level 1 in Invocations
 13713 | D:10     | Slain by a death knight

Illustrated notes

Levels and vault maps discovered:
D:1:      dpeg_arrival_subterranean_lakeside_camping, layout_loops_ring,
          serial_shops, shop, shapermc_ecumenical_altar_mp_urbaneastern,
          roderic_roman_lattice
D:2:      minmay_skewed_foursquare, layout_basic
D:3:      layout_loops_ring, nicolae_tso_carved_into_rock,
          grunt_temple_overflow_open, gammafunk_ghost_icy
D:4:      minmay_chambers_of_twos, layout_loops_corners
D:5:      layout_loops_cross, kennysheep_another_room, uniq_menkaure
D:6:      layout_loops_ring, mainiacjoe_overflow_cross_hatched
D:7:      layout_cave_pools, minmay_temple_entry_enclosed_plants,
          kennysheep_generic_room_10
D:8:      layout_loops_ring, serial_shops,
          nicolae_shop_temple_entry_statues_fountains, gammafunk_ghost_spectres,
          st_stairs_7, uniq_psyche
D:9:      layout_roguey, mainiacjoe_overflow_paths, zin_purify,
          nicolae_sif_muna_little_library
D:10:     minmay_the_grid_octo_2x2 [minmay_the_grid_octo_focus,
          minmay_the_grid_octo_fan_narrow, minmay_the_grid_octo_clover_2,
          minmay_the_grid_octo_prize_single_spiral], layout_loops_cross,
          worldfamousw_hep_ancestral_shrine, dpeg_lair_monsters, serial_shops,
          nicolae_shop_bloodbath_and_beyond, grunt_decor_arrowhead
Temple:   zaba_magenta_temple

Skill      XL: |  1  2  3  4  5  6  7  8  9 10 11 |
---------------+----------------------------------+-----
Dodging        | 3 |  3.0
Stealth        | 3 |  3.0
Fire Magic     | 4 5 7 8 9 |  9.0
Spellcasting   | 4 5 6 8 10 12 15 16 | 16.5
Hexes          | 1 2 3 |  3.0
Conjurations   | 2 3 4 5 7 |  7.1
Necromancy     | 1 3 |  3.0
Fighting       | 1 3 4 |  4.6
Invocations    | 1 |  1.1
Shields        | |  0.2

Action                   |  1- 3 |  4- 6 |  7- 9 | 10-12 || total
-------------------------+-------+-------+-------+-------++-------
Melee: Short sword       |    64 |    28 |       |       ||    92
       Unarmed           |     2 |       |       |       ||     2
       Punch             |     1 |       |       |       ||     1
       Staff             |       |       |     3 |     4 ||     7
 Cast: Foxfire           |    50 |    97 |   155 |    88 ||   390
       Scorch            |    18 |    52 |    58 |    54 ||   182
       Inner Flame       |       |       |     4 |    33 ||    37
       Flame Wave        |       |       |     4 |       ||     4
       Vampiric Draining |       |       |       |     5 ||     5
  Use: Scroll            |       |       |     8 |     1 ||     9
 Stab: Sleeping          |     2 |       |       |       ||     2
Armor: Robe              |    17 |     5 |    10 |     6 ||    38
       Steam dragon scal |       |       |       |    17 ||    17
Dodge: Dodged            |    66 |    33 |    21 |    31 ||   151
Block: Other             |       |       |       |     9 ||     9
       Reflection        |       |       |       |     3 ||     3
